 Dungeon Crawl Stone Soup version 0.21-a0-243-g597973d (webtiles) character file.

23 Jeffwins the Grave Robber (level 3, -1/26 HPs)
             Began as a Ghoul Necromancer on Sept 5, 2017.
             Slain by a hobgoblin
             ... wielding a +0 club
              (8 damage)
             ... on level 1 of the Dungeon.
             The game lasted 00:01:57 (774 turns).

Jeffwins the Grave Robber (Ghoul Necromancer)        Turns: 774, Time: 00:01:58

Health: -1/26      AC:  2    Str: 11    XL:     3   Next: 0%
Magic:  1/5        EV: 12    Int: 11    God:
Gold:   39         SH:  0    Dex:  9    Spells: 5/6 levels left

rFire    . . .     SeeInvis .   f - +0 whip
rCold    + . .     Gourm    .   (no shield)
rNeg     + + +     Faith    .   a - +0 robe
rPois    ∞         Spirit   .   (no helmet)
rElec    .         Reflect  .   (no cloak)
rCorr    .         Harm     .   (no gloves)
MR       .....                  (no boots)
Stlth    ++........             (no amulet)
HPRegen  0.00/turn              (no ring)
MPRegen  0.09/turn              (no ring)

@: rotting
A: rotting body, claws 1, carnivore 3, cold resistance 1, negative energy
resistance 3, inhibited regeneration, torment resistance, unbreathing
a: no special abilities


You were on level 1 of the Dungeon.
You were not hungry.

You visited 1 branch of the dungeon, and saw 1 of its levels.

You collected 39 gold pieces.

Inventory:

Hand Weapons
 f - a +0 whip (weapon)
Armour
 a - a +0 robe (worn)
Scrolls
 e - a scroll of enchant weapon {unknown}
 g - a scroll of remove curse {unknown}
 h - a scroll of teleportation {unknown}
 i - a scroll of recharging {unknown}
 j - a scroll of magic mapping {unknown}
Potions
 d - a potion of curing {unknown}
Books
 b - a book of Necromancy

   Spells                             Type                      Level
   a - Pain                           Necromancy                   1
   b - Animate Skeleton               Necromancy                   1
   c - Vampiric Draining              Necromancy                   3
   d - Regeneration                   Charms/Necromancy            3
   e - Animate Dead                   Necromancy                   4
   f - Control Undead                 Necromancy                   4
Comestibles
 c - a meat ration


   Skills:
 - Level 1.7 Dodging
 - Level 2.1 Stealth
 + Level 0.9 Unarmed Combat
 + Level 2.0 Spellcasting
 * Level 4.5 Necromancy


You had 5 spell levels left.
You knew the following spells:

 Your Spells              Type           Power        Failure   Level  Hunger
a - Pain                  Necr           ##..         4%          1    ##.....


Dungeon Overview and Level Annotations

Branches:
Dungeon (1/15)

Altars:


Innate Abilities, Weirdness & Mutations

Your body is rotting away.
You thrive on raw meat.
You are immune to poison.
You have sharp fingernails.
You are carnivorous and can eat meat at any time.
Your flesh is cold resistant. (rC+)
You are immune to negative energy. (rN+++)
You do not regenerate when monsters are visible.
You are immune to unholy pain and torment.
You can survive without breathing.


Message History

You don't have enough magic to cast that spell.
Unknown command.
You hit the hobgoblin but do no damage. The hobgoblin hits you with a club.
You hit the hobgoblin.
The hobgoblin is heavily wounded.
The hobgoblin hits you with a club.
Casting: Pain
Confirm with . or Enter, or press ? or * to list all spells.
Aiming: Pain
Press: ? - help, Shift-Dir - straight line, f/p - goblin
Aim: a goblin, wielding a club (heavily wounded, chance to defeat MR: 80%)
The hobgoblin writhes in agony!
The hobgoblin hits you with a club.
* * * LOW HITPOINT WARNING * * *
You hit the hobgoblin but do no damage.
The hobgoblin is heavily wounded.
The hobgoblin barely misses you.
You hit the hobgoblin but do no damage.
The hobgoblin is heavily wounded.
The hobgoblin hits you with a club!
You die...

#... #... #..# ### #..##..#
#....... ### #....# ## #.#
######...# g.# #.#
#.@gg...# #..# #.#
#######.#####.# #..#
#.####.......###
#.###...##.
#....†.........#
#g...†.....
####.#####........#
##...##....
.....#####........# #.### .
..................####.##
.###..####.)......##....#
.....###..........##.#..#.#


You could see a hobgoblin and a goblin.

Vanquished Creatures
  An ooze (D:1)
  A dart slug (D:1)
  A goblin (D:1)
  5 hobgoblins (D:1)
  3 bats (D:1)
  3 kobolds (D:1)
  2 rats (D:1)
16 creatures vanquished.

Notes
Turn   | Place    | Note
-------+----------+-------------------------------------------
     0 | D:1      | Jeffwins the Ghoul Necromancer began the quest for the Orb.
     0 | D:1      | Reached XP level 1. HP: 14/14 MP: 2/2
    35 | D:1      | Reached XP level 2. HP: 10/20 MP: 0/3
   752 | D:1      | Reached XP level 3. HP: 17/25 MP: 0/5
   774 | D:1      | Slain by a hobgoblin

Vault maps used:
D:1:      dpeg_arrival_boxes_within_box, st_stairs_9, minmay_cupped

Skill      XL: |  1  2 |
---------------+-------+-----
Spellcasting   | 2 |  2.0
Dodging        | |  1.7
Stealth        | |  2.1
Unarmed Combat | |  0.9
Necromancy     | |  4.5

Action                   || total
-------------------------++-------
Melee: Unarmed           ||    32
       Whip              ||    36
 Cast: Pain              ||    26
  Eat: Chunk             ||     1
Armor: Robe              ||    19
Dodge: Dodged            ||    56

Table legend:
 A = Spawn XP
 B = Non-spawn XP
 C = Spawn XP percentage of total XP
 D = Spawn monster count
 E = Non-spawn monster count
 F = Spawn count percentage of total count
 G = Total turns spent on level
                    A         B        C        D         E        F      G
               +---------+---------+-------+---------+---------+-------+---------
         Total |       6 |      28 |  17.6 |       4 |      12 |  25.0 |   774
               +---------+---------+-------+---------+---------+-------+---------
           D:1 |       6 |      28 |  17.6 |       4 |      12 |  25.0 |   774
               +---------+---------+-------+---------+---------+-------+---------
